 Dungeon Crawl Stone Soup version 0.27-a0-1196-g3e9cee4cb2 (webtiles) character file.

Game seed: 8449453321903414817

125 freelancePsychic the Vandal (level 5, -3/42 HPs)
             Began as a Human Hunter on May 28, 2021.
             Slain by a river rat (8 damage)
             ... in a sewer.
             The game lasted 00:07:09 (2980 turns).

freelancePsychic the Vandal (Human Hunter)          Turns: 2980, Time: 00:07:10

Health: -3/42      AC:  5    Str: 11 (13) XL:     5   Next: 30%
Magic:  5/5        EV: 12    Int:  9 (11) God:
Gold:   25         SH:  0    Dex: 12 (14) Spells: 4/4 levels left

rFire    . . .     SeeInvis .   a - +1 hunting sling
rCold    . . .     Faith    .   (no shield)
rNeg     . . .     Spirit   .   c - +0 leather armour
rPois    .         Reflect  .   i - +1 helmet
rElec    .         Harm     .   (no cloak)
rCorr    .         Rampage  .   (no gloves)
Will     .....                  (no boots)
Stlth    +.........             (no amulet)
HPRegen  0.14/turn              (no ring)
MPRegen  0.09/turn              (no ring)

@: no status effects
A: no striking features
a: no special abilities


You were in a sewer.
You visited 1 branch of the dungeon, and saw 3 of its levels.
You also visited: Sewer.

You collected 25 gold pieces.

Inventory:

Hand Weapons
 a - a +1 hunting sling (weapon)
 b - a +2 mace of holy wrath
Missiles
 f - 4 stones (quivered ammo)
 l - 32 bolts
Armour
 c - a +0 leather armour (worn)
 e - a +0 plate armour
 i - a +1 helmet (worn)
Scrolls
 j - a scroll of holy word


   Skills:
 + Level 3.8 Fighting
 - Level 4.0 Slings
 + Level 3.8 Dodging
 - Level 1.0 Stealth


You had 4 spell levels left.
You didn't know any spells.
Your spell library contained the following spells:

 Spells                   Type           Power      Damage    Failure   Level
 Summon Small Mammal      Summ           0%         N/A       47%         1
 Call Imp                 Summ           0%         N/A       63%         2
 Call Canine Familiar     Summ           0%         N/A       85%         3
 Summon Guardian Golem    Hex/Summ       0%         N/A       85%         3
 Summon Ice Beast         Ice/Summ       0%         N/A       99%         4
 Summon Lightning Spire   Summ/Air       0%         N/A       99%         4


Dungeon Overview and Level Annotations

Branches:
Dungeon (3/15)              Sewer (1/1)

Altars:

Shops:
D:1 *


Message History

You shoot a stone.
The stone hits the river rat but does no damage.
The river rat bites you.
* * * LOW HITPOINT WARNING * * *
The river rat bites you but does no damage.
Things that are here:
a stone; a sling bullet; a river rat corpse
There is a gate leading back out of this place here.
You see here a sling bullet.
You see here a sling bullet.
Things that are here:
a stone; 2 sling bullets; a rat corpse Fire: 8 stones
Press: ? - help, Q - select action Shift-Dir - straight line, f/p - river rat
Aim: a river rat (58% to hit)
You shoot a stone. The stone closely misses the river rat.
The stone barely misses the rat.
The river rat bites you.
* * * LOW HITPOINT WARNING * * *
Fire: 7 stones
Press: ? - help, Q - select action Shift-Dir - straight line, f/p - river rat
Aim: a river rat (58% to hit)
You shoot a stone. The stone closely misses the river rat.
The stone hits the rat.
The rat is moderately wounded.
The river rat misses you.
Okay, then.
Fire: 6 stones
Press: ? - help, Q - select action Shift-Dir - straight line, f/p - river rat
Aim: a river rat (58% to hit)
You shoot a stone. The stone barely misses the river rat.
The stone hits the rat!
You kill the rat!
The river rat closely misses you.
Fire: 5 stones
Press: ? - help, Q - select action Shift-Dir - straight line, f/p - river rat
Aim: a river rat (58% to hit)
You shoot a stone. The stone closely misses the river rat.
The river rat bites you!
You die...

###
#@#
#r#
#(#
#(#
#∩#
#(#
#∩#
#(#
#.#


You could see a river rat.

Vanquished Creatures
  Robin (D:2)
  A river rat (Sewer)
  2 adders (D:2)
  A dart slug (D:2)
  3 orcs
  5 bats
  2 endoplasms (D:1)
  2 giant cockroaches
  9 hobgoblins
  11 jackals (D:2)
  3 kobolds (D:1)
  5 quokkas
  4 ball pythons
  3 frilled lizards
  13 goblins
  7 rats
72 creatures vanquished.

Notes
Turn   | Place    | Note
-------+----------+-------------------------------------------
     0 | D:1      | freelancePsychic the Human Hunter began the quest for the
                  | Orb.
     0 | D:1      | Reached XP level 1. HP: 16/16 MP: 1/1
   151 | D:1      | Reached XP level 2. HP: 23/23 MP: 2/2
   629 | D:1      | Reached XP level 3. HP: 28/28 MP: 3/3
  1057 | D:1      | Found Zodd's Assorted Antiques.
  1862 | D:2      | Noticed Robin
  1892 | D:2      | Reached XP level 4. HP: 26/35 MP: 4/4
  2560 | D:2      | Killed Robin
  2561 | D:2      | Reached XP level 5. HP: 23/42 MP: 5/5
  2946 | D:3      | Found a glowing drain.
  2957 | Sewer    | Entered a sewer
  2980 | Sewer    | Slain by a river rat

Illustrated notes

Levels and vault maps discovered:
D:1:      shiori_arrival_whats_in_store_for_you, layout_basic, serial_shops,
          nicolae_shop_crystal, minmay_pentomino_w2
D:2:      layout_rooms, uniq_robin
D:3:      layout_loops_ring, lightli_temple_of_fire,
          cheibrodos_sewer_entry_sluice, minivault_14, minmay_misc_feat_encased
Sewer:    sewer_kobolds

Skill      XL: |  1  2  3 |
---------------+----------+-----
Fighting       | 3 |  3.8
Dodging        | 3 |  3.8
Slings         | |  4.0
Stealth        | |  1.0

Action                   |  1- 3 |  4- 6 || total
-------------------------+-------+-------++-------
Melee: Short sword       |    12 |       ||    12
       Mace              |    45 |    14 ||    59
 Fire: Hunting sling     |    44 |   117 ||   161
  Use: Scroll            |       |     4 ||     4
       Potion            |       |     1 ||     1
Armor: Leather armour    |    13 |    44 ||    57
Dodge: Dodged            |    47 |    76 ||   123

Table legend: (Time is in decaauts)
 A = Elapsed time spent in this place.
 B = Non-inter-level travel time spent in this place.
 C = Inter-level travel time spent in this place.
 D = Time resting spent in this place.
 E = Time spent auto-exploring this place.
 F = Levels seen in this place.
 G = Mean time per level.
                   A        B        C        D        E       F      G
               +--------+--------+--------+--------+--------+-----+--------+
         Total |   3005 |   2904 |    101 |    109 |   2171 |   4 |  751.2 |
       Dungeon |   2982 |   2881 |    101 |    109 |   2171 |   3 |  994.0 |
         Sewer |     22 |     22 |      0 |      0 |      0 |   1 |   22.0 |
               +--------+--------+--------+--------+--------+-----+--------+

Top non-repeatable levels by time:
     D:1: 1673 daAuts
     D:2: 1126 daAuts
     D:3: 182 daAuts
   Sewer: 22 daAuts
